Match 45160121
Unlisted

Match 45160121
End
Panzergrenadier Squad
Selects Battlefield Espionage Battlegroup
250 Light Carrier
Panzergrenadier Squad
Construct Light Support Kompanie
Selects Intel Disruption Beacon
Panzergrenadier Squad
Construct Mechanized Kompanie
Veteran Squad Leaders
Support Armor Elements
Selects Transfer Depots
Pak 38 Mechanized Group
Marder III Tank Destroyer
AI Takeover
KUNASHDU
Final_Ant
Ranger
周杰伦
Mochi_flamer
ranger
alphaelf
Hello
0
0

Comments sign in to comment!

No comments posted yet!